 Dungeon Crawl Stone Soup version 0.15.1-1-gfacfea3 (webtiles) character file.

58 Kashira the Chiller (level 3, -4/14 HPs)
             Began as a Felid Ice Elementalist on Sept 21, 2014.
             Killed from afar by an orc wizard (8 damage)
             ... with a magic dart
             ... on Level 3 of the Dungeon.
             The game lasted 00:08:59 (2433 turns).

Kashira the Chiller (Felid Ice Elementalist)        Turns: 2433, Time: 00:09:03

HP  -4/14        AC  1     Str  5      XL: 3   Next: 76%
MP   0/8         EV 18     Int 16      God:
Gold 113         SH  0     Dex 16      Spells:  3 memorised,  1 level left
Lives: 0, deaths: 0

rFire  . . .     SeeInvis +     (weapon unavailable)
rCold  . . .     Clarity  .     (armour unavailable)
rNeg   . . .     rCorr    .     (shield unavailable)
rPois  .         rRot     .     (helmet unavailable)
rElec  .         Spirit   .     (cloak unavailable)
SustAb .         Warding  .     (gloves unavailable)
rMut   .         Stasis   .     (boots unavailable)
Gourm  .                        (no amulet)
MR     .....                    (no ring)
                                n - ring of see invisible

@: quick, not resistant to hostile enchantments, fairly stealthy
A: paw claws, no armour, no weapons or thrown items, fangs 3, see invisible,
carnivore 3, speed 1, shaggy fur 1, slow metabolism 1, jump 1
a: Jump Attack


You were on level 3 of the Dungeon.
You were very full.

You visited 1 branch of the dungeon, and saw 3 of its levels.

You collected 113 gold pieces.

Inventory:

Comestibles
 c - 2 meat rations
 d - a beef jerky
 o - a rotting chunk of rat flesh
Scrolls
 h - a scroll of random uselessness {unknown}
 i - a scroll of remove curse {unknown}
 j - a scroll of teleportation {unknown}
 k - a scroll of blinking {unknown}
 l - a scroll of identify
 p - a scroll of enchant weapon {unknown}
Jewellery
 n - a ring of see invisible (left paw)
Potions
 a - a potion of agility
 e - a potion of cure mutation
 f - a potion of curing
 g - 3 potions of haste
 m - a potion of degeneration
Books
 b - a book of Frost

   Spells                             Type                      Level
   *Freeze                            Ice                          1
   *Throw Frost                       Conjuration/Ice              2
   *Ozocubu's Armour                  Charms/Ice                   3
   Throw Icicle                       Conjuration/Ice              4
   Summon Ice Beast                   Ice/Summoning                4
   Condensation Shield                Ice                          4


   Skills:
 + Level 3.0 Dodging
 + Level 2.8 Stealth
 + Level 2.9 Spellcasting
 + Level 1.0 Conjurations
 + Level 3.5 Ice Magic


You had one spell level left.
You knew the following spells:

 Your Spells              Type           Power        Failure   Level  Hunger
a - Freeze                Ice            ##..         6%          1    #......
b - Throw Frost           Conj/Ice       #.....       14%         2    ##.....
c - Ozocubu's Armour      Chrm/Ice       #.......     34%         3    ###....


Dungeon Overview and Level Annotations

Branches:
Dungeon (3/15)

Altars:

Annotations:
D:2 Sigmund


Innate Abilities, Weirdness & Mutations

You cannot wear armour.
You are incapable of wielding weapons or throwing items.
Your paws have sharp claws.
You have razor-sharp teeth.
You have supernaturally acute eyesight.
You are carnivorous and can eat meat at any time.
You cover ground quickly.
You are covered in fur (AC +1).
You have a slow metabolism.
You can jump attack at a short distance.


Message History

Confirm with . or Enter, or press ? or * to list all spells.
Aiming: Freeze
Press: ? - help, Shift-Dir - straight line, f/p - orc wizard
Aim: an orc wizard, wielding a dagger and wearing a robe (heavily wounded, fast)
You freeze the orc wizard.
The orc wizard is heavily wounded.
The orc wizard hits you with a dagger.
* * * LOW HITPOINT WARNING * * *
Casting: Freeze
Confirm with . or Enter, or press ? or * to list all spells.
Aiming: Freeze
Press: ? - help, Shift-Dir - straight line, f/p - orc wizard
Aim: an orc wizard, wielding a dagger and wearing a robe (heavily wounded, fast)
You freeze the orc wizard.
The orc wizard is severely wounded.
The orc wizard misses you. The orc wizard casts a spell at you.
The magic dart hits you!
Ouch! That really hurt!
You die...

#..## ###.## #. #...# .
# .# ##.### #.# #...##
##..# . #.# ###..###%.##
#.# #.####......(.##
#.####.##...###.%######
.............@o.........
#.####.##.#...#)#######
#.# #....#.###.....##
#.# ##..##..# #####g.#
####.###...##.## ##.#
.........%###.# #.#
###..####.###.### #.#
.(..>..).......... #.#
##....##..###.### #.o


You could see an orc wizard.

Vanquished Creatures
  2 adders (D:3)
  A worm (D:2)
  A giant gecko (D:2)
  2 orcs (D:3)
  A giant cockroach (D:1)
  6 hobgoblins
  4 kobolds
  2 ball pythons (D:2)
  2 bats (D:2)
  2 giant newts
  4 goblins
  3 jackals (D:2)
  4 rats
34 creatures vanquished.

Vanquished Creatures (others)
  4 toadstools (D:1)
4 creatures vanquished.

Grand Total: 38 creatures vanquished

Notes
Turn   | Place    | Note
--------------------------------------------------------------
     0 | D:1      | Kashira, the Felid Ice Elementalist, began the quest for the Orb.
     0 | D:1      | Reached XP level 1. HP: 7/7 MP: 4/4
   496 | D:1      | Reached XP level 2. HP: 11/11 MP: 2/5
   625 | D:1      | Reached skill level 3 in Ice Magic
   844 | D:2      | Learned a level 2 spell: Throw Frost
   925 | D:2      | Noticed Sigmund
  1972 | D:2      | Reached XP level 3. HP: 14/14 MP: 0/8
  1977 | D:2      | Learned a level 3 spell: Ozocubu's Armour
  2089 | D:3      | Noticed a scorpion
  2303 | D:3      | Reached skill level 1 in Conjurations
  2433 | D:3      | Killed from afar by an orc wizard

Action                   || total
-------------------------++-------
Melee: Unarmed           ||     7
 Cast: Freeze            ||    55
       Throw Frost       ||    17
       Ozocubu's Armour  ||     2
  Use: Scroll            ||     5
       Potion            ||     1
  Eat: Chunk             ||    11
